Map: Arctic Dream LE

Players

qqq - Winner!

  • Race: Zerg Zerg
  • League: Platinum
  • Spawn Location: 11:00

Massa - Winner!

  • Race: Terran Terran
  • League: Platinum
  • Spawn Location: 12:00

RogueAgent

  • Race: Terran Terran
  • League: Diamond
  • Spawn Location: 6:00

Maraxus

  • Race: Protoss Protoss
  • Spawn Location: 5:00

VOD

Have the link to the VOD?

Description

Time

  • Played on: Sept. 5, 2020, 3:05 p.m.
  • Length: 9:00
Show
View Real Time Build Order
Export as new Build Order

qqq Zerg - Winner!

Build Orders: Hatch First 

Get SALT Encoding   

  12  0:01  Drone  
  13  0:10  Drone  
  14  0:36  Hatchery  
  14  0:39  Drone  
  14  0:54  Spawning Pool  
  13  1:05  Overlord  
  13  1:07  Drone  
  13  1:10  Extractor  
  13  1:12  Drone  
  14  1:24  Drone  
  15  1:31  Drone  
  16  1:45  Drone  
  17  1:47  Queen  
  17  1:49  Drone  
  20  2:04  Drone  
  20  2:05  Drone  
  20  2:06  Drone  
  22  2:16  Metabolic Boost  
  22  2:19  Drone  
  22  2:21  Drone x2  
  25  2:32  Queen  
  25  2:33  Drone  
  25  2:36  Overlord  
  28  2:42  Overlord  
  28  2:50  Overlord  
  28  2:57  Zergling x2  
  28  2:58  Zergling x6  
  31  3:00  Drone  
  33  3:08  Roach Warren  
  33  3:10  Drone  
  33  3:15  Zergling x2  
  33  3:16  Drone  
  33  3:18  Zergling x2  
  36  3:27  Zergling x8  
  36  3:31  Drone  
  41  3:51  Zergling x4  
  41  3:52  Roach  
  41  3:53  Roach x3  
  51  3:56  Lair  
  51  4:02  Overlord  
  51  4:04  Drone  
  52  4:18  Overlord  
  52  4:20  Hatchery  
  52  4:21  Drone  
  52  4:26  Drone x2  
  52  4:28  Roach  
  56  4:32  Roach  
  56  4:35  Roach  
  62  4:38  Roach  
  62  4:41  Roach  
  64  4:48  Roach x2  
  68  5:07  Overlord x2  
  68  5:08  Overlord x2  
  68  5:09  Overlord  
  68  5:10  Glial Reconstitution  
  68  5:26  Drone  
  69  5:32  Spore Crawler  
  69  5:34  Spore Crawler  
  67  5:39  Spore Crawler  
  67  5:40  Hatchery  
  65  5:46  Roach x3  
  65  5:47  Roach  
  65  5:48  Drone  
  54  6:18  Roach x2  
  54  6:20  Drone, Roach  
  54  6:21  Drone x3  
  62  6:28  Drone  
  61  6:34  Drone x2  
  61  6:35  Spore Crawler  
  61  6:36  Roach  
  61  6:37  Roach  
  64  6:40  Extractor  
  57  6:50  Zergling x4  
  57  6:51  Zergling x6  
  60  7:06  Zergling x2, Roach x3  
  60  7:07  Zergling x8  
  60  7:08  Zergling x2  
  68  7:25  Roach x2  
  68  7:26  Zergling x4  
  68  7:27  Zergling x8  
  72  7:35  Roach  
  72  7:37  Drone x3  
  73  7:45  Roach  
  75  7:51  Roach  
  75  7:52  Drone, Roach  
  78  7:58  Drone  
  78  8:00  Spore Crawler  
  78  8:01  Queen  
  78  8:03  Queen  
  76  8:09  Drone x2  
  76  8:10  Drone x3  
  79  8:13  Roach  
  79  8:17  Roach  
  79  8:18  Roach  
  79  8:19  Hatchery  
  82  8:26  Hatchery, Roach x2  
  82  8:27  Roach  
  86  8:29  Drone x2  
  88  8:42  Drone x4  
  88  8:43  Drone x3  
  95  8:50  Evolution Chamber  
  95  8:51  Evolution Chamber  
  95  8:54  Infestation Pit  
  90  8:57  Extractor  
Show
View Real Time Build Order
Export as new Build Order

Massa Terran - Winner!

Build Orders: Gas First Reaper Expand 

Get SALT Encoding   

  12  0:00  SCV  
  13  0:12  SCV  
  14  0:17  Supply Depot  
  14  0:24  SCV  
  15  0:29  Refinery  
  15  0:41  Barracks  
  15  0:45  SCV  
  16  0:57  SCV  
  17  1:04  Supply Depot  
  17  1:09  SCV  
  18  1:21  SCV  
  19  1:33  Reaper  
  20  1:44  SCV  
  20  1:45  Command Center  
  21  1:56  SCV  
  22  2:05  Factory, Marine  
  23  2:12  Orbital Command  
  23  2:29  Barracks Reactor  
  23  3:27  Orbital Command  
  23  3:29  SCV  
  23  3:39  Starport  
  23  3:41  SCV  
  24  3:43  Command Center  
  24  3:45  Barracks  
  24  3:48  Supply Depot  
  24  3:50  Engineering Bay  
  24  3:51  Barracks Tech Lab  
  24  3:52  Hellion  
  24  3:53  SCV  
  24  3:55  Hellion  
  29  3:58  SCV  
  30  4:05  SCV  
  31  4:10  SCV  
  31  4:12  Supply Depot  
  31  4:13  Refinery  
  32  4:17  SCV  
  32  4:21  Medivac  
  32  4:22  SCV  
  32  4:23  Hellion x2  
  40  4:25  Marauder  
  40  4:29  Terran Infantry Weapons Level 1  
  40  4:30  SCV  
  43  4:34  SCV  
  44  4:41  Barracks Reactor  
  44  4:42  SCV  
  44  4:44  Widow Mine  
  47  4:47  SCV  
  48  4:59  Orbital Command  
  48  5:02  Missile Turret  
  48  5:07  Missile Turret  
  48  5:23  Missile Turret  
  48  5:26  Missile Turret  
  48  5:35  Siege Tank  
  49  5:43  Marine  
  49  5:44  Marine x3  
  49  5:47  Missile Turret  
  51  6:00  Viking  
  51  6:01  Marine  
  51  6:02  Marine x3  
  57  6:08  Siege Tank  
  56  6:19  Marine x4  
  56  6:37  Marine x4  
  60  6:40  Widow Mine  
  62  6:55  Marine x4  
  68  7:01  Widow Mine  
  68  7:08  Orbital Command  
  68  7:10  SCV, Barracks  
  68  7:11  SCV  
  68  7:12  Marine  
  71  7:22  SCV  
  71  7:23  SCV  
  70  7:34  SCV  
  70  7:35  SCV  
  72  7:46  SCV  
  72  7:47  SCV  
  72  7:53  Marine  
  72  7:54  Marine x3  
  76  7:59  SCV  
  77  8:12  Supply Depot x2  
  77  8:15  Supply Depot  
  77  8:17  Marine x3  
  77  8:18  Missile Turret  
  77  8:20  Missile Turret  
  77  8:23  Missile Turret  
  77  8:33  SCV x3, Marine  
  81  8:35  Marine x3  
  81  8:38  Supply Depot x2  
  81  8:39  Supply Depot  
  84  8:45  Missile Turret  
  84  8:46  SCV x3  
  82  8:52  Barracks Tech Lab  
  85  8:58  Starport x2, Barracks  
Show
View Real Time Build Order
Export as new Build Order

RogueAgent Terran 

Build Orders: Command Center First (CC) 

Get SALT Encoding   

  12  0:00  SCV  
  13  0:12  SCV  
  14  0:18  Supply Depot  
  14  0:25  SCV  
  15  0:40  SCV  
  16  0:52  SCV  
  17  1:00  Command Center  
  17  1:10  Barracks  
  17  1:13  SCV  
  18  1:18  Refinery  
  18  1:24  Refinery  
  18  1:27  SCV  
  19  1:39  SCV  
  19  1:59  Orbital Command  
  19  2:03  Supply Depot  
  19  2:12  Factory  
  19  2:16  Orbital Command  
  19  2:31  Barracks Reactor, SCV  
  18  2:57  SCV  
  18  2:58  SCV  
  19  3:05  Hellion  
  21  3:14  SCV x2  
  23  3:26  SCV x2  
  25  3:32  Barracks Tech Lab  
  25  3:37  Factory  
  25  3:38  SCV x2  
  25  3:40  Factory  
  27  3:46  Hellion x2  
  31  3:50  SCV  
  31  3:51  SCV  
  33  4:00  Refinery  
  33  4:03  SCV x2  
  33  4:04  Refinery  
  33  4:06  Barracks Reactor  
  33  4:07  Hellion x2  
  39  4:14  Supply Depot  
  39  4:15  SCV x2  
  41  4:24  Factory Tech Lab  
  41  4:27  SCV x2  
  45  4:31  Hellion  
  45  4:36  Cyclone, Hellion  
  45  4:37  Supply Depot  
  50  4:39  SCV  
  50  4:42  Mag-Field Accelerator  
  50  4:43  Cyclone  
  54  4:46  Infernal Pre-Igniter  
  54  4:57  Supply Depot  
  54  4:59  SCV x2  
  56  5:02  Hellion x2  
  60  5:10  Supply Depot  
  60  5:11  SCV x2  
  62  5:19  Cyclone  
  65  5:22  Armory  
  65  5:24  Armory  
  65  5:30  SCV x2  
  65  5:32  Supply Depot  
  67  5:38  Starport  
  67  5:42  SCV x2  
  69  5:43  Cyclone  
  55  6:21  Cyclone x2  
  55  6:23  Hellion x2  
  65  6:36  SCV x2  
  65  6:38  Terran Vehicle And Ship Armor Level 1  
  61  6:40  Terran Vehicle Weapons Level 1  
  61  6:44  Hellion  
  58  6:48  SCV x2  
  58  6:49  Viking x2, Supply Depot  
  58  6:53  Cyclone  
  65  6:58  Factory  
  65  7:00  SCV x2, Factory  
  67  7:04  Cyclone, Hellion  
  72  7:12  SCV  
  71  7:28  Cyclone  
  74  7:32  Viking x2  
  74  7:36  Cyclone  
  81  7:38  Supply Depot  
  81  7:41  Hellion x2  
  67  8:02  Hellion x2  
  69  8:09  Cyclone x2  
  69  8:12  Factory Tech Lab x2  
  68  8:24  Hellion x2  
  72  8:27  Viking x2  
Show
View Real Time Build Order
Export as new Build Order

Maraxus Protoss 

Build Orders: Phoenix Opening 

Get SALT Encoding   

  12  0:02  Probe  
  13  0:14  Probe  
  14  0:22  Pylon  
  14  0:28  Probe (Chrono Boost)  
  15  0:29  Assimilator  
  15  0:44  Gateway  
  15  0:47  Probe  
  16  0:59  Probe  
  17  1:07  Pylon  
  17  1:11  Probe (Chrono Boost)  
  18  1:20  Assimilator  
  18  1:21  Probe (Chrono Boost)  
  19  1:26  Probe (Chrono Boost)  
  19  1:32  Cybernetics Core  
  20  1:34  Zealot  
  20  1:37  Probe  
  23  1:42  Pylon  
  23  2:01  Zealot  
  25  2:15  Nexus  
  25  2:20  Probe  
  26  2:32  Stargate  
  26  2:36  Stalker (Chrono Boost)  
  28  2:53  Stargate  
  28  2:54  Probe  
  29  3:06  Probe  
  30  3:31  Phoenix  
  30  3:32  Probe  
  33  3:35  Probe  
  34  3:44  Probe, Phoenix  
  34  3:47  Probe  
  38  3:53  Pylon  
  38  3:56  Probe  
  38  3:59  Probe  
  40  4:03  Assimilator, Protoss Air Weapons Level 1 (Chrono Boost)  
  40  4:06  Stalker  
  42  4:11  Probe (Chrono Boost)  
  42  4:15  Phoenix  
  45  4:23  Probe (Chrono Boost)  
  47  4:28  Probe (Chrono Boost)  
  47  4:29  Probe (Chrono Boost)  
  48  4:35  Probe  
  48  4:36  Phoenix  
  48  4:37  Probe  
  52  4:39  Phoenix  
  54  4:49  Probe (Chrono Boost)  
  54  4:52  Probe (Chrono Boost)  
  56  4:59  Probe (Chrono Boost)  
  57  5:02  Probe (Chrono Boost)  
  57  5:06  Phoenix  
  58  5:09  Phoenix  
  62  5:17  Gateway  
  62  5:19  Gateway  
  47  6:09  Stalker x3  
  44  6:45  Stalker x2  
  48  6:54  Probe  
  49  6:59  Assimilator  
  48  7:06  Probe  
  49  7:18  Probe  
  48  7:27  Zealot (Chrono Boost)  
  48  7:28  Zealot (Chrono Boost)  
  38  7:51  Zealot (Chrono Boost)  
  38  7:52  Zealot (Chrono Boost)  
  38  7:55  Probe  
  41  8:02  Probe  
  38  8:15  Pylon  
  38  8:17  Probe x2, Pylon  
  36  8:29  Probe x2  
  21  8:43  Forge  
Tags
 
Add a new tag
Caveats
  • Supply blocks, unpowered buildings, or Contaminate may cause inaccurate times.
  • Supply counts are checked every 10 seconds.